 Dungeon Crawl Stone Soup version 0.26-a0-1038-gfb849e850a (webtiles) character file.

Game seed: 273816254088739979

338 egbert the Magician (level 6, -1/32 HPs)
             Began as a Deep Elf Fire Elementalist on Dec 11, 2020.
             Was an Initiate of Vehumet.
             Slain by an ice beast (12 damage)
             ... on level 4 of the Dungeon.
             The game lasted 00:21:13 (3999 turns).

egbert the Magician (Deep Elf Fire Elementalist)    Turns: 3999, Time: 00:21:15

Health: -1/32      AC:  6    Str:  5    XL:     6   Next: 29%
Magic:  14/16      EV: 13    Int: 22    God:    Vehumet [......]
Gold:   184        SH:  0    Dex: 15    Spells: 15/16 levels left

rFire    . . .     SeeInvis .   (no weapon)
rCold    . . .     Faith    .   (no shield)
rNeg     . . .     Spirit   .   a - +0 robe
rPois    .         Reflect  .   (no helmet)
rElec    .         Harm     .   (no cloak)
rCorr    .         Rampage  .   (no gloves)
Will     .....                  (no boots)
Stlth    ++........             l - amulet of magic regeneration
HPRegen  0.10/turn              i - +4 ring of protection
MPRegen  0.40/turn              (no ring)

@: no status effects
A: no striking features
a: Renounce Religion


You were on level 4 of the Dungeon.
You worshipped Vehumet.
Vehumet was noncommittal.
You visited 2 branches of the dungeon, and saw 6 of its levels.

You collected 184 gold pieces.

Inventory:

Hand Weapons
 j - a +5 dagger of draining
Armour
 a - a +0 robe (worn)
Jewellery
 i - a +4 ring of protection (left hand)
 l - an amulet of magic regeneration (around neck)
Wands
 q - a wand of acid (5)
Scrolls
 b - 2 scrolls of identify
 c - 3 scrolls of teleportation {unknown}
 d - 3 scrolls of remove curse {unknown}
 g - a scroll of random uselessness {unknown}
 h - a scroll of amnesia {unknown}
 k - 2 scrolls of magic mapping {unknown}
 p - a scroll of fog {unknown}
Potions
 e - a potion of might {unknown}
 f - a potion of lignification {unknown}
 m - a potion of flight {unknown}
 n - a potion of curing
 o - 2 potions of heal wounds {unknown}
 r - a potion of attraction {unknown}


   Skills:
 + Level 2.9 Dodging
 + Level 3.4 Stealth
 + Level 5.7 Spellcasting
 + Level 3.3 Conjurations
 + Level 5.0 Fire Magic


You had 15 spell levels left.
You knew the following spells:

 Your Spells              Type           Power        Failure   Level
a - Foxfire               Conj/Fire      ###.         1%          1

Your spell library contained the following spells:

 Spells                   Type           Power        Failure   Level
 Conjure Flame            Conj/Fire      ###.....     4%          3
 Inner Flame              Hex/Fire       ###.....     10%         3
 Sticky Flame             Conj/Fire      ###.....     17%         4
 Fireball                 Conj/Fire      ###.......   43%         5


Dungeon Overview and Level Annotations

Branches:
Dungeon (5/15)             Temple (1/1) D:4

Altars:
Ashenzari
Cheibriados
Gozag
Kikubaaqudgha
Makhleb
Nemelex Xobeh
Sif Muna
Trog
Vehumet
Wu Jian
Xom
Zin
Jiyva


Message History

Press: ? - help, Q - select action, (/) - cycle Dir - look around You conjure some foxfire!
The ice beast barely misses you.
Casting: Foxfire (safe; 1% risk of failure)
Press: ? - help, Q - select action, (/) - cycle Dir - look around You conjure some foxfire!
The ice beast hits you. The ice beast freezes you.
Casting: Foxfire (safe; 1% risk of failure)
Press: ? - help, Q - select action, (/) - cycle Dir - look around You conjure some foxfire!
The foxfire hits the ice beast.
The ice beast is heavily wounded.
The foxfire hits the ice beast!
The ice beast melts!
The ice beast is severely wounded.
The foxfire hits the ice beast but does no damage.
The ice beast is severely wounded.
The foxfire hits the ice beast but does no damage.
The ice beast is severely wounded.
The ice beast hits you. The ice beast freezes you!
You die...

#...# ##.###.#.#..#.# #.#
#...##### #..##.#.#..#.# #.#
#.......# ##.##.#.#..#.# #.#
#.†.....# #..#.#.#<.#.# #.#
#.......# ##.#.#.####.# #.#
#.......#####...#.....)#######.#
#.......##......####........##.#
##########....§§§..'........'...
#.......##...§.@####........####
#.......##...§vY# #.....(..## #
#.......##......# #.........# #
##.......##......# #.....###.###
.'.......##......# ####.##.....#
##.......##......# #.#.8...8.
#.......#######'## #.#.......
#.#######........# #....._...
##'#######........# ###.......


You could see an ice beast.

Vanquished Creatures
  A hound (D:4)
  A centaur skeleton (D:4)
  Jessica (D:3)
  An iguana (D:4)
  2 orc wizards (D:4)
  4 gnolls (D:4)
  5 adders
  An ufetubus (D:2)
  3 dart slugs (D:2)
  2 leopard geckos
  9 orcs
  5 giant cockroaches
  5 goblins
  6 hobgoblins
  11 jackals
  4 quokkas
  A ball python (D:3)
  3 bats
  6 frilled lizards
  6 kobolds
  6 rats
83 creatures vanquished.

Vanquished Creatures (others)
  258 foxfires
258 creatures vanquished.

Grand Total: 341 creatures vanquished

Notes
Turn   | Place    | Note
-------+----------+-------------------------------------------
     0 | D:1      | egbert the Deep Elf Fire Elementalist began the quest for
                  | the Orb.
     0 | D:1      | Reached XP level 1. HP: 10/10 MP: 6/6
   351 | D:1      | Reached XP level 2. HP: 15/15 MP: 1/8
  1108 | D:2      | Reached XP level 3. HP: 19/19 MP: 6/9
  1377 | D:2      | Found a burning altar of Makhleb.
  1507 | D:2      | Reached XP level 4. HP: 24/24 MP: 6/11
  1937 | D:3      | Noticed Jessica
  1946 | D:3      | Killed Jessica
  2151 | D:3      | Reached XP level 5. HP: 28/28 MP: 8/13
  2304 | D:3      | Found a bloodstained altar of Trog.
  2591 | D:4      | Found an opulent altar of Gozag.
  2728 | D:4      | Reached skill level 5 in Spellcasting
  3150 | D:4      | Reached XP level 6. HP: 10/32 MP: 1/16
  3753 | D:4      | Reached skill level 5 in Fire Magic
  3779 | D:4      | Found a staircase to the Ecumenical Temple.
  3788 | Temple   | Entered the Ecumenical Temple
  3861 | Temple   | Became a worshipper of Vehumet
  3965 | D:5      | Entered Level 5 of the Dungeon
  3977 | D:5      | Noticed an ice beast
  3999 | D:4      | Slain by an ice beast

Illustrated notes

Levels and vault maps discovered:
D:1:      nicolae_arrival_somewhat_less_tricky_arrival, layout_loops_corners
D:2:      layout_basic, old_standard_altar, minmay_between
D:3:      layout_loops_ring, bloody_trog, kennysheep_doodads,
          minmay_misc_feat_hallway, kennysheep_potato, uniq_jessica
D:4:      layout_basic, grunt_gozag_statues, temple_fountains,
          guppyfry_shop_venom
D:5:      layout_loops_ring, minmay_overflow_temple_star_quad,
          uniq_blork_the_orc
Temple:   pf_slimified_temple

Skill      XL: |  1  2  3  4  5  6 |
---------------+-------------------+-----
Stealth        | 3 |  3.4
Conjurations   | 2 3 |  3.3
Fire Magic     | 4 5 |  5.0
Spellcasting   | 4 5 |  5.7
Dodging        | |  2.9

Action                   |  1- 3 |  4- 6 || total
-------------------------+-------+-------++-------
 Cast: Foxfire           |   104 |   166 ||   270
  Use: Scroll            |       |     1 ||     1
Armor: Robe              |    10 |    18 ||    28
Dodge: Dodged            |    34 |    39 ||    73

Table legend: (Time is in decaauts)
 A = Elapsed time spent in this place.
 B = Non-inter-level travel time spent in this place.
 C = Inter-level travel time spent in this place.
 D = Time resting spent in this place.
 E = Time spent auto-exploring this place.
 F = Levels seen in this place.
 G = Mean time per level.
                   A        B        C        D        E       F      G
               +--------+--------+--------+--------+--------+-----+--------+
         Total |   4003 |   1488 |   2515 |    610 |      0 |   6 |  667.2 |
       Dungeon |   3916 |   1485 |   2431 |    610 |      0 |   5 |  783.2 |
        Temple |     86 |      2 |     84 |      0 |      0 |   1 |   86.0 |
               +--------+--------+--------+--------+--------+-----+--------+

Top non-repeatable levels by time:
     D:4: 1339 daAuts
     D:1: 1009 daAuts
     D:2: 922 daAuts
     D:3: 636 daAuts
  Temple: 86 daAuts
     D:5: 9 daAuts
